 Dungeon Crawl Stone Soup version 0.23.0-38-g208d714 (webtiles) character file.

Game seed: 8975326880001663887

445 Lanoc the Skirmisher (level 7, -1/55 HPs)
             Began as a Formicid Abyssal Knight on Feb 27, 2019.
             Was a Priest of Lugonu.
             Killed by divine providence
             ... invoked by an orc priest
              (10 damage)
             ... on level 3 of the Dungeon.
             The game lasted 00:05:37 (2804 turns).

Lanoc the Skirmisher (Formicid Abyssal Knight)      Turns: 2804, Time: 00:05:38

Health: -1/55      AC: 11    Str: 19    XL:     7   Next: 23%
Magic:  19/19      EV: 10    Int: 11    God:    Lugonu [***...]
Gold:   126        SH:  4    Dex: 10    Spells: 6/6 levels left

rFire    . . .     SeeInvis +   a - +1 falchion
rCold    . . .     Gourm    .   (no shield)
rNeg     . . .     Faith    .   o - +0 plate armour
rPois    .         Spirit   .   (helmet unavailable)
rElec    .         Reflect  +   (no cloak)
rCorr    .         Harm     .   (no gloves)
MR       .....                  (no boots)
Stlth    ..........             p - +4 amulet of reflection
HPRegen  0.18/turn              h - ring of magical power
MPRegen  0.16/turn              i - +4 ring of evasion

@: no status effects
A: permanent stasis, dig shafts and tunnels, four strong arms, antennae 3
a: Dig, Shaft Self, Depart the Abyss, Bend Space, Banish, Renounce Religion


You were on level 3 of the Dungeon.
You worshipped Lugonu.
Lugonu was most pleased with you.
You were hungry.

You visited 1 branch of the dungeon, and saw 4 of its levels.
You visited the Abyss 1 time.

You collected 126 gold pieces.

Inventory:

Hand Weapons
 a - a +1 falchion (weapon)
Armour
 o - a +0 plate armour (worn)
Jewellery
 h - a ring of magical power (left hand)
 i - a +4 ring of evasion (right hand)
 p - a +4 amulet of reflection (around neck)
Scrolls
 f - 2 scrolls of immolation {unknown}
 g - 3 scrolls of teleportation {unknown}
 k - a scroll of enchant weapon {unknown}
 l - 3 scrolls of remove curse {unknown}
 m - a scroll of fear {unknown}
 n - a scroll of blinking {unknown}
 q - a scroll of amnesia {unknown}
Potions
 e - 2 potions of flight
Comestibles
 c - 6 rations


   Skills:
 + Level 4.5 Fighting
 * Level 4.5 Long Blades
 + Level 3.7 Armour
 + Level 2.5 Dodging
 + Level 4.0 Invocations


You had 6 spell levels left.
You didn't know any spells.
Your spell library was empty.

Dungeon Overview and Level Annotations

Branches:
Dungeon (4/15)
 Temple: D:4-7

Altars:


Innate Abilities, Weirdness & Mutations

You cannot be hasted, slowed, berserked, paralysed or teleported.
You can dig through walls and to a lower floor.
Your four strong arms can wield two-handed weapons with a shield.
You have a pair of large antennae on your head. (SInv)


Message History

The orc priest mumbles some strange prayers to Beogh against you.
Beogh smites you!
* * * LOW HITPOINT WARNING * * *
There is a stone staircase leading up here.
The orc hits you with a +2 war axe of chopping.
* * * LOW HITPOINT WARNING * * *
x2 The orc priest hits you but does no damage.
You climb upwards.
There is a stone staircase leading down here.
You feel better. The orc hits you but does no damage.
The orc barely misses you.
You riposte.
You slash the orc!
You kill the orc!
Lugonu accepts your kill.
The orc priest hits you with a +0 dagger.
* * * LOW HITPOINT WARNING * * *
It was a potion of magic.
Magic courses through your body. The orc closely misses you.
The orc priest mumbles some strange prayers to Beogh against you.
Beogh smites you!
You die...

#.#)# #.# #.#.# #.#
#.#.# #.# #.#.# #.#
#########.#.######.#
..........#......#.#
.................#.#
############....o#.#
...............o@#.#
.........###(..).#.###
.........#..)[.......#
.....###.#...........#
.....###.#...........#
.....#...............#
.....................#
.....................#
.....................#


You could see an orc priest and an orc.

Vanquished Creatures
  Grinder (D:3)
  Jessica (D:3)
  An orc wizard (D:3)
  Robin (D:3)
  A howler monkey skeleton (D:2)
  3 gnolls (D:4)
  5 adders
  3 worms
  2 dart slugs
  3 leopard geckos (D:3)
  13 orcs (D:3)
  A ball python (D:1)
  2 giant cockroaches
  10 goblins
  10 hobgoblins
  A jackal (D:2)
  5 quokkas
  5 bats
  4 frilled lizards
  7 kobolds
  8 rats
87 creatures vanquished.

Notes
Turn   | Place    | Note
-------+----------+-------------------------------------------
     0 | Abyss:1  | Lanoc the Formicid Abyssal Knight began the quest for the
                  | Orb.
     0 | Abyss:1  | Reached XP level 1. HP: 18/18 MP: 2/2
    14 | D:1      | Escaped the Abyss
   144 | D:1      | Reached skill level 1 in Dodging
   181 | D:1      | Reached XP level 2. HP: 22/24 MP: 3/3
   549 | D:2      | Reached XP level 3. HP: 28/29 MP: 4/4
   616 | D:2      | Reached ** piety under Lugonu
   619 | D:2      | Reached XP level 4. HP: 26/37 MP: 6/6
   632 | D:2      | HP: 1/37 [worm (9)]
  1329 | D:3      | Noticed Jessica
  1339 | D:3      | Killed Jessica
  1339 | D:3      | Reached XP level 5. HP: 35/42 MP: 7/7
  1897 | D:3      | Reached *** piety under Lugonu
  1948 | D:3      | Reached XP level 6. HP: 48/48 MP: 8/8
  2082 | D:3      | Noticed Robin
  2103 | D:3      | Killed Robin
  2405 | D:3      | Noticed Grinder
  2442 | D:3      | Killed Grinder
  2442 | D:3      | Reached XP level 7. HP: 37/55 MP: 9/9
  2804 | D:3      | Killed from afar by an orc priest

Skill      XL: |  1  2  3  4  5  6  7 |
---------------+----------------------+-----
Dodging        | 1 2 |  2.5
Long Blades    | 3 4 |  4.5
Invocations    | 3 4 |  4.0
Armour         | 3 |  3.7
Fighting       | 4 |  4.5

Action                   |  1- 3 |  4- 6 |  7- 9 || total
-------------------------+-------+-------+-------++-------
Melee: Falchion          |    73 |   214 |    33 ||   320
 Abil: Dig               |       |       |     1 ||     1
  Use: Potion            |       |     4 |     2 ||     6
  Eat: Chunk             |       |     5 |     1 ||     6
Armor: Leather armour    |    19 |       |       ||    19
       Plate armour      |       |   121 |    15 ||   136
Dodge: Dodged            |    73 |   106 |    14 ||   193
Block: Other             |       |    26 |     7 ||    33
       Rpst.: Falchion   |    24 |    35 |     6 ||    65
